 Dungeon Crawl Stone Soup version 0.28.0-45-g0d030f2227 (webtiles) character file.

Game seed: 6129111970241684337

80 NinjaNoafa the Ruffian (level 4, -2/36 HPs)
             Began as a Draconian Transmuter on Apr 14, 2022.
             Killed by divine providence
             ... invoked by an orc priest
              (10 damage)
             ... on level 3 of the Dungeon.
             The game lasted 00:05:31 (1788 turns).

NinjaNoafa the Ruffian (Draconian Transmuter)       Turns: 1788, Time: 00:05:33

Health: -2/36      AC:  5    Str: 15 (18) XL:     4   Next: 18%
Magic:  7/8        EV: 12    Int: 13 (16) God:
Gold:   62         SH:  0    Dex:  9 (11) Spells: 6/7 levels left

rFire   . . .      SeeInvis .     - Unarmed
rCold   . . .      Faith    .   (no shield)
rNeg    + . .      Spirit   .   (armour unavailable)
rPois   .          Reflect  .   (helmet currently unavailable)
rElec   .          Harm     .   (no cloak)
rCorr   .          Rampage  .   (no gloves)
Will    .....                   (boots currently unavailable)
Stlth   +.........              f - amulet of regeneration
HPRegen 0.92/turn               b - +6 ring of strength
MPRegen 0.11/turn               m - ring of positive energy

@: appendages, weak-willed, flying
A: horns 2, talons 2, flying, AC +5, unfitting armour, cold-blooded, big wings,
stinger 1, high MP 1
a: End Transformation


You were on level 3 of the Dungeon.
You had temporarily grown beastly horns and talons.
You visited 1 branch of the dungeon, and saw 3 of its levels.

You collected 62 gold pieces.

Inventory:

Missiles
 e - 39 stones
Jewellery
 b - a +6 ring of strength (left hand)
 f - an amulet of regeneration (around neck)
 m - a ring of positive energy (right hand)
 n - a ring of resist corrosion
Scrolls
 c - 2 scrolls of blinking
 k - a scroll of teleportation
 l - a scroll of enchant weapon
Potions
 d - a potion of degeneration
 h - a potion of mutation


   Skills:
 + Level 2.0 Fighting
 + Level 2.2 Dodging
 * Level 3.5 Unarmed Combat
 + Level 2.4 Spellcasting
 * Level 3.0 Transmutations
 + Level 0.0 Poison Magic


You had 6 spell levels left.
You knew the following spells:

 Your Spells              Type           Power      Damage    Failure   Level
a - Beastly Appendage     Tmut           18%        N/A       7%          1

Your spell library contained the following spells:

 Spells                   Type           Power      Damage    Failure   Level
 Wereblood                Tmut           9%         N/A       11%         2
 Sublimation of Blood     Necr           1%         N/A       36%         2
 Spider Form              Tmut/Pois      5%         N/A       36%         3
 Ice Form                 Ice/Tmut       5%         N/A       78%         4
 Summon Hydra             Summ           0%         N/A       100%        7


Dungeon Overview and Level Annotations

Branches:
Dungeon (3/15)

Altars:


Innate Abilities, Weirdness & Mutations

You have temporarily grown beastly horns and talons.
You are flying.
Your plain brown scales are hard. (AC +5)
You cannot fit into any form of body armour.
You are cold-blooded and may be slowed by cold attacks.
Your large and strong wings let you fly.
Your tail ends in a venomous barb.
You have an increased reservoir of magic. (+10% MP)


Message History

As you read the scroll of identify, it crumbles to dust.
k - a scroll of teleportation The orc priest mumbles some strange prayers to Beogh against you.
Pain shoots through your body!
As you read the scroll of identify, it crumbles to dust.
l - a scroll of enchant weapon Really read the scroll of vulnerability?
As you read the scroll of vulnerability, it crumbles to dust.
Magic quickly surges around you. The orc priest barely misses you.
The orc hits you but does no damage. The orc closely misses you.
You closely miss the orc. Your headbutt misses the orc.
The orc is heavily wounded.
The orc priest hits you with a +0 hand axe.
The orc hits you but does no damage. The orc misses you.
You hit the orc but do no damage. You claw the orc.
You kill the orc!
The orc priest begins to cast a cantrip, but forgets the words!
The orc hits you but does no damage.
Your Transmutations skill increases to level 3!
You closely miss the orc. You claw the orc.
You kill the orc!
The orc priest hits you but does no damage.
The orc hits you with a +0 short sword.
Your Fighting skill increases to level 2!
You closely miss the orc priest.
You claw the orc priest, but do no damage.
You tail-slap the orc priest, but do no damage.
Your horns disappear.
Your talons disappear.
The orc hits you but does no damage.
The orc priest hits you with a +0 hand axe.
The orc hits you with a +0 short sword.
Okay, then.
Casting: Beastly Appendage (safe; 7% risk of failure)
Confirm with . or Enter, or press ? or * to list all spells.
You grow a pair of large bovine horns.
Your feet morph into talons.
The orc closely misses you. The orc hits you with a +0 short sword.
* * * LOW HITPOINT WARNING * * *
The orc priest mumbles some strange prayers to Beogh against you.
Beogh smites you!
You die...

..# #.# #.# #.# .#
##.### ...#### ....
.......#####.#
#.....o....<#######...
#.@oo...........#
#######.#######...
#..# #..# .... #.###
#. #.


You could see an orc priest (weak-willed) and 2 orcs.

Vanquished Creatures
  2 adders (D:2)
  An ufetubus (D:2)
  4 dart slugs
  2 orcs (D:3)
  6 endoplasms
  3 giant cockroaches
  3 goblins (D:1)
  3 hobgoblins (D:1)
  2 jackals (D:1)
  3 kobolds
  9 ball pythons
  2 frilled lizards (D:2)
  3 rats
43 creatures vanquished.

Notes
Turn   | Place    | Note
-------+----------+-------------------------------------------
     0 | D:1      | NinjaNoafa the Draconian Transmuter began the quest for the
                  | Orb.
     0 | D:1      | Reached XP level 1. HP: 16/16 MP: 3/3
   176 | D:1      | Reached XP level 2. HP: 12/23 MP: 3/5
   639 | D:1      | Found a faded altar of an unknown god.
  1039 | D:1      | Reached XP level 3. HP: 28/28 MP: 4/6
  1565 | D:2      | Reached XP level 4. HP: 34/36 MP: 5/7
  1767 | D:3      | Gained mutation: Your tail ends in a venomous barb. [potion
                  | of mutation]
  1767 | D:3      | Gained mutation: You have an increased reservoir of magic.
                  | (+10% MP) [potion of mutation]
  1767 | D:3      | Gained mutation: Your large and strong wings let you fly.
                  | [potion of mutation]
  1788 | D:3      | Killed from afar by an orc priest

Illustrated notes

Levels and vault maps discovered:
D:1:      wander_arrival_estate, layout_basic,
          hellmonk_ecumenical_altar_prayer_group
D:2:      layout_rooms, kennysheep_generic_room_16
D:3:      layout_loops_ring, gammafunk_ghost_cemetery, uniq_grinder

Skill      XL: |  1  2  3  4 |
---------------+-------------+-----
Dodging        | 2 |  2.2
Transmutations | 3 |  3.0
Fighting       | 2 |  2.0
Unarmed Combat | |  3.5
Spellcasting   | |  2.4

Action                   |  1- 3 |  4- 6 || total
-------------------------+-------+-------++-------
Melee: Unarmed           |    83 |    21 ||   104
       Headbutt          |     8 |     1 ||     9
       Kick              |    14 |     4 ||    18
       Tailslap          |    10 |     1 ||    11
       Punch             |     1 |     1 ||     2
 Cast: Beastly Appendage |    27 |     4 ||    31
  Use: Potion            |     1 |     3 ||     4
       Scroll            |       |     6 ||     6
 Stab: Sleeping          |     2 |       ||     2
Armor: Skin              |    21 |    13 ||    34
Dodge: Dodged            |    53 |    25 ||    78
